 Dungeon Crawl Stone Soup version 0.31-a0-819-gf6de2f5ab6 (webtiles) character file.

Game seed: 8777274244926722031

14 qw the Shooter (level 2, -1/17 HPs)
             Began as a Gargoyle Hunter on Sept 23, 2023.
             Slain by a ball python (2 damage)
             ... on level 1 of the Dungeon.
             The game lasted 00:00:10 (567 turns).

qw the Shooter (Gargoyle Hunter)                     Turns: 567, Time: 00:00:10

Health: -1/17      AC:  5    Str: 14    XL:     2   Next: 45%
Magic:  2/2        EV:  8    Int:  9    God:
Gold:   10         SH:  0    Dex: 13    Spells: 1/1 levels left

rFire   . . .        a - +0 shortbow
rCold   . . .        (shield currently unavailable)
rNeg    + . .        c - +0 leather armour
rPois   inf          (no helmet)
rElec   +            (no cloak)
rCorr   .            (no gloves)
SInv    .            (no boots)
Will    .....        (no amulet)
Stlth   +            (no ring)
HPRegen 0.22/turn    (no ring)
MPRegen 0.08/turn

%: no passive effects
@: constricted
A: sickness immunity, AC +2, negative energy resistance 1, electricity
resistance, torment resistance 1, petrification resistance
a: no special abilities


You were on level 1 of the Dungeon.
You visited 1 branch of the dungeon, and saw 1 of its levels.

You collected 36 gold pieces.
You spent 26 gold pieces at shops.


Innate Abilities, Weirdness & Mutations

You are immune to sickness and miasma.
Your stone body is resilient. (AC +2)
You are immune to poison.
You resist negative energy. (rN+)
You are resistant to electric shocks. (rElec)
You are resistant to unholy torment.
You are immune to petrification.


   Skills:
 - Level 2.1 Fighting
 + Level 4.6 Ranged Weapons
 - Level 1.5 Dodging
 - Level 1.1 Stealth


You had one spell level left.
You didn't know any spells.
Your spell library was empty.

Inventory:

Hand Weapons
 a - a +0 shortbow (weapon)
Armour
 c - a +0 leather armour (worn)
 e - a +2 hat of willpower
 i - a +0 ring mail
 j - a +2 robe of willpower
Jewellery
 h - a ring of willpower
Scrolls
 b - a scroll of butterflies
 d - a scroll of poison {unknown}
 f - 4 scrolls of identify
Potions
 g - a potion of attraction {unknown}

Dungeon Overview and Level Annotations

Branches:
Dungeon (1/15)

Altars:

Shops:
D:1 ?


Message History

The ball python constricts you.
You shoot an arrow.
The arrow barely misses the ball python.
The jackal barely misses you.
The jackal bites you but does no damage.
The ball python barely misses you. The ball python constricts you.
You shoot an arrow.
The arrow barely misses the ball python.
The arrow barely misses the goblin.
The jackal closely misses you. The ball python barely misses you.
The ball python constricts you. The jackal barely misses you.
The ball python loses its grip on you.
You shoot an arrow. The arrow closely misses the jackal.
The jackal bites you but does no damage.
The ball python bites you. The ball python grabs you.
The ball python constricts you. The ball python bites you.
You shoot an arrow.
The arrow hits the ball python but does no damage.
The jackal bites you but does no damage.
The ball python barely misses you. The ball python constricts you.
The ball python closely misses you.
The jackal bites you but does no damage.
You shoot an arrow.
The arrow barely misses the ball python.
The ball python bites you but does no damage.
The ball python constricts you. The ball python bites you.
The jackal barely misses you. The ball python bites you.
The ball python constricts you. The ball python barely misses you.
The jackal bites you but does no damage.
You shoot an arrow.
The arrow closely misses the ball python.
The jackal bites you but does no damage.
The ball python bites you. The ball python constricts you.
The ball python bites you but does no damage.
You shoot an arrow.
The arrow closely misses the ball python.
The jackal bites you. The ball python bites you.
The ball python bites you but does no damage.
The ball python constricts you. The jackal bites you.
The ball python bites you.
You die...

.......#..##.# #..#
##....##..##.####..#
#....##..#........#
####.##..#.###....#
#........#$#....#
####.>###.###.###..## #
......#...# ..g#...# ####
###..##.### #S###.# .... #
#.###.# #S@...## #### #
#.# #.### #h###..# ###.#
#...# ..l#....#
....#####.###.###..#.###.
###.....#...#$#........)..
#
............###..##.####.#
# ....(...#...........# #
........#......####.## #
###.....#..#.#.###...###.#
#


You could see a jackal, a goblin, 2 ball pythons and a frilled lizard.

Vanquished Creatures
  A dart slug (D:1)
  An endoplasm (D:1)
  A giant cockroach (D:1)
  2 goblins (D:1)
  A hobgoblin (D:1)
  2 quokkas (D:1)
  A ball python (D:1)
  2 rats (D:1)
11 creatures vanquished.

Notes
Turn   | Place    | Note
-------+----------+-------------------------------------------
     0 | D:1      | qw the Gargoyle Hunter began the quest for the Orb.
     0 | D:1      | Reached XP level 1. HP: 12/12 MP: 1/1
     0 | D:1      | 0 ||| qw: Version: 0.3-a-83-gcd0e7d8
     0 | D:1      | 0 ||| qw: Game counter: 1394
     0 | D:1      | 0 ||| qw: Melee chars always use a shield: true
     0 | D:1      | 0 ||| qw: God list: Okawaru
     0 | D:1      | 0 ||| qw: Allow faded altars: false
     0 | D:1      | 0 ||| qw: Do Orc after clearing Dungeon:15 true
     0 | D:1      | 0 ||| qw: Do second Lair branch before Depths: true
     0 | D:1      | 0 ||| qw: Lair rune preference: random
     0 | D:1      | 0 ||| qw: Goals: Normal
     0 | D:1      | 0 ||| PLANNING D:1-11
   238 | D:1      | Found Colak's Magic Scroll Shop.
   244 | D:1      | 244 ||| SHOPLISTING scroll of brand weapon (123 gold, have
                  | 36).
   244 | D:1      | 244 ||| SHOPLISTING scroll of enchant weapon (97 gold, have
                  | 36).
   244 | D:1      | 244 ||| BUYING scroll of identify (26 gold).
   244 | D:1      | Bought a scroll of identify for 26 gold pieces
   252 | D:1      | Reached XP level 2. HP: 12/17 MP: 2/2
   567 | D:1      | HP: 3/17 [ball python (2)]
   567 | D:1      | HP: 1/17 [jackal (1)]
   567 | D:1      | Slain by a ball python

Levels and vault maps discovered:
D:1:      lightli_arrival_windingriver, layout_loops_ring, serial_shops,
          nicolae_square_shop, kennysheep_pointless_box, minmay_quantized

Action                     || total
---------------------------++-------
   Fire: Shortbow          ||    41
 Armour: Leather armour    ||    28
  Dodge: Dodged            ||    15

Table legend:
 A = Non-vault XP
 B = Vault XP
 C = Vault XP percentage of total XP
 D = Non-vault monster count
 E = Vault monster count
 F = Vault count percentage of total count
                 A         B        C        D         E       F
            +---------+---------+-------+---------+---------+-------
      Total |      21 |       0 |   0.0 |      11 |       0 |   0.0
            +---------+---------+-------+---------+---------+-------
        D:1 |      21 |       0 |   0.0 |      11 |       0 |   0.0
            +---------+---------+-------+---------+---------+-------
